 Dungeon Crawl Stone Soup version 0.18.1-6-gd335043 (webtiles) character file.

855 nubinia the Magician (level 7, -3/43 HPs)
             Began as a High Elf Wizard on May 16, 2016.
             Slain by an orc wizard
             ... wielding a +0 dagger of electrocution
              (20 damage)
             ... on level 5 of the Dungeon.
             The game lasted 00:29:43 (7369 turns).

nubinia the Magician (High Elf Wizard)              Turns: 7369, Time: 00:29:44

Health: -3/43      AC:  5    Str:  9    XL:     7   Next: 70%
Magic:  15/18      EV: 13    Int: 24    God:
Gold:   14         SH:  0    Dex: 14    Spells: 6 memorised, 6 levels left

rFire  . . .     SeeInvis .     y - +1 whip (drain)
rCold  . . .     Gourm    .     a - +0 robe
rNeg   . . .     Faith    .     (no shield)
rPois  .         Spirit   .     z - +0 helmet
rElec  .         Dismiss  +     (no cloak)
rCorr  .         Reflect  .     D - +0 pair of gloves {Str+3}
SustAt .         Harm     .     F - +0 pair of boots {run}
MR     .....                    u - amulet of dismissal
Stlth  ++++......               (no ring)
                                g - ring of stealth

@: repel missiles, quick, not resistant to hostile enchantments, stealthy
A: no striking features
a: no special abilities


You were on level 5 of the Dungeon.
You were hungry.

You visited 1 branch of the dungeon, and saw 5 of its levels.

You collected 212 gold pieces.
You spent 198 gold pieces at shops.

Inventory:

Hand Weapons
 f - a +0 dagger
 n - a +0 mace of crushing
 p - a cursed -3 spear
 s - a +3 dagger
 y - a +1 whip of draining (weapon)
Missiles
 e - 56 arrows
Armour
 a - a +0 robe (worn)
 b - a +0 hat
 z - a +0 helmet (worn)
 B - a +0 pair of boots
 D - a +0 pair of gloves of strength (worn)
 F - a +0 pair of boots of running (worn)
Jewellery
 g - a ring of stealth (left hand)
 u - an amulet of dismissal (around neck)
Wands
 C - a wand of flame (12/48)
 E - a wand of acid (6/15)
Scrolls
 j - a scroll of amnesia {unknown}
 l - a scroll of enchant armour {unknown}
 m - 2 scrolls of fog
 r - a scroll of recharging {unknown}
 t - a scroll of noise {unknown}
 v - a scroll of magic mapping {unknown}
 w - a scroll of blinking
Potions
 h - 2 potions of ambrosia {unknown}
 i - 2 potions of curing
 k - 2 potions of flight
 o - a potion of haste
 q - 2 potions of might
 x - a potion of berserk rage
 A - a potion of invisibility
Books
 c - a book of Minor Magic

   Spells                             Type                      Level
   a - Magic Dart                     Conjuration                  1
   b - Blink                          Translocation                2
   c - Call Imp                       Summoning                    2
   d - Repel Missiles                 Charms/Air                   2
   e - Slow                           Hexes                        2
   f - Conjure Flame                  Conjuration/Fire             3
   g - Mephitic Cloud                 Conjuration/Poison/Air       3
Comestibles
 d - 3 bread rations


   Skills:
 + Level 1.0 Fighting
 + Level 0.5 Short Blades
 + Level 3.2 Dodging
 + Level 4.0 Stealth
 + Level 6.9 Spellcasting
 + Level 4.4 Conjurations
 + Level 0.2 Charms
 + Level 0.8 Summonings
 + Level 1.1 Translocations
 * Level 3.9 Air Magic
 + Level 0.7 Poison Magic


You had 6 spell levels left.
You knew the following spells:

 Your Spells              Type           Power        Failure   Level  Hunger
a - Magic Dart            Conj           ####         1%          1    None
b - Blink                 Tloc           N/A          10%         2    None
c - Mephitic Cloud        Conj/Pois/Air  ###.....     10%         3    None
d - Conjure Flame         Conj/Fire      ###.....     12%         3    None
e - Call Imp              Summ           ##......     10%         2    None
r - Repel Missiles        Chrm/Air       ###...       6%          2    None


Dungeon Overview and Level Annotations

Branches:
Dungeon (5/15)
 Temple: D:4-7

Altars:
Fedhas
Ru

Shops:
D:5 [


Message History

The orc priest barely misses the orc.
You barely miss the orc priest.
The orc priest is severely wounded.
You hit the orc priest.
You kill the orc priest!
The orc wizard mumbles some strange words.
The orc wizard flickers and vanishes!
Deactivating autopickup; reactivate with Ctrl-A.
The crimson imp blinks!
The orc misses you.
The crimson imp hits you but does no damage.
You hit the crimson imp.
The crimson imp is heavily wounded.
The crimson imp hits you but does no damage.
The orc hits you but does no damage. Something hits you but does no damage.
The crimson imp hits you but does no damage.
The orc hits you with a short sword.
The crimson imp blinks!
There is an open door here.
Something hits you but does no damage.
You are electrocuted!
You die...

#.#.#.####.##...# ....##..#
#####..........##...# #.#.##..#
#.....#+######'##...####.#.##...
#.##............'§..'......##.##
#............#..)##§#.#.##.##
+.........5..#o..##+#.#......
#............#...#......##...
#............#...#......##...
#...........@'..........##...
#....<.......####....#####...
############## #....# #...
#....# #... #....# ##.. #....#
#....# #....#


You could see a crimson imp.

Vanquished Creatures
  A sky beast (D:5)
  An ogre (D:4)
  3 killer bees (D:4)
  2 crimson imps (D:5)
  A giant frog zombie (D:5)
  An orc priest (D:5)
  A centaur skeleton (D:4)
  Jessica (D:3)
  An iguana (D:3)
  2 worker ants
  A hound skeleton (D:4)
  2 gnolls (D:4)
  10 adders
  2 shadow imps
  An ooze (D:4)
  5 worms
  A dart slug (D:1)
  3 giant geckos
  4 orcs
  5 giant cockroaches
  10 goblins
  10 hobgoblins
  2 jackals (D:2)
  4 quokkas
  15 bats
  7 giant newts
  10 kobolds
  7 rats
113 creatures vanquished.

Vanquished Creatures (collateral kills)
  A killer bee (D:4)
1 creature vanquished.

Vanquished Creatures (others)
  A killer bee (D:4)
1 creature vanquished.

Grand Total: 115 creatures vanquished

Notes
Turn   | Place    | Note
--------------------------------------------------------------
     0 | D:1      | nubinia the High Elf Wizard began the quest for the Orb.
     0 | D:1      | Reached XP level 1. HP: 11/11 MP: 6/6
   141 | D:1      | Reached skill level 4 in Spellcasting
   273 | D:1      | Reached XP level 2. HP: 17/17 MP: 5/8
   303 | D:1      | Learned a level 2 spell: Repel Missiles
  1272 | D:1      | Reached XP level 3. HP: 21/21 MP: 10/10
  1276 | D:1      | Learned a level 2 spell: Blink
  1280 | D:1      | Learned a level 3 spell: Mephitic Cloud
  1284 | D:1      | Learned a level 3 spell: Conjure Flame
  1669 | D:2      | Found a sacrificial altar of Ru.
  1848 | D:2      | Reached skill level 1 in Air Magic
  2178 | D:1      | Reached XP level 4. HP: 20/27 MP: 8/11
  2409 | D:2      | Reached skill level 5 in Spellcasting
  3109 | D:3      | Noticed Jessica
  3295 | D:3      | Reached XP level 5. HP: 31/31 MP: 11/13
  3353 | D:3      | Killed Jessica
  3566 | D:3      | Found a blossoming altar of Fedhas.
  4259 | D:4      | Noticed an ogre
  4818 | D:4      | Reached XP level 6. HP: 37/37 MP: 11/15
  4847 | D:4      | Learned a level 2 spell: Call Imp
  5859 | D:4      | Reached skill level 6 in Spellcasting
  6041 | D:4      | Reached XP level 7. HP: 42/42 MP: 8/17
  6501 | D:5      | Entered Level 5 of the Dungeon
  6519 | D:5      | Found Atazoxyach's Antique Armour Boutique.
  6523 | D:5      | Bought a pair of embroidered boots for 99 gold pieces
  6533 | D:5      | Identified a +0 pair of boots of running (You bought it in a shop on level 5 of the Dungeon)
  6667 | D:5      | Reached skill level 1 in Fighting
  6974 | D:5      | Bought a pair of embroidered gloves for 99 gold pieces
  7369 | D:5      | Slain by an orc wizard

Skill      XL: |  1  2  3  4  5  6  7 |
---------------+----------------------+-----
Spellcasting   | 4 5 6 |  6.9
Stealth        | 3 4 |  4.0
Air Magic      | 1 2 3 |  3.9
Conjurations   | 2 3 4 |  4.4
Dodging        | 3 |  3.2
Fighting       | 1 |  1.0
Short Blades   | |  0.5
Charms         | |  0.2
Summonings     | |  0.8
Translocations | |  1.1
Poison Magic   | |  0.7

Action                   |  1- 3 |  4- 6 |  7- 9 || total
-------------------------+-------+-------+-------++-------
Melee: Dagger            |    39 |   101 |       ||   140
       Whip              |       |    29 |    34 ||    63
 Cast: Magic Dart        |   105 |   166 |    66 ||   337
       Repel Missiles    |     2 |     1 |       ||     3
       Mephitic Cloud    |       |     8 |     5 ||    13
  Use: Scroll            |     1 |     6 |     1 ||     8
       Potion            |       |     1 |       ||     1
 Stab: Sleeping          |     8 |     6 |     2 ||    16
       Confused          |       |     7 |     2 ||     9
  Eat: Chunk             |     4 |     7 |     1 ||    12
       Meat ration       |       |     1 |       ||     1
       Royal jelly       |       |       |     1 ||     1
Armor: Robe              |     5 |    17 |    15 ||    37
Dodge: Dodged            |    40 |    87 |    12 ||   139
       Deflected         |     1 |     3 |       ||     4
